 Dungeon Crawl Stone Soup version 0.30-a0-1114-gd936c97349 (webtiles) character file.

Game seed: 14741649109781018611

23 cheesebisquit the Magician (level 3, -10/25 HPs)
             Began as a Djinni Fire Elementalist on Apr 20, 2023.
             Killed by nerve-wracking pain
             ... invoked by an orc priest
              (13 damage)
             ... on level 3 of the Dungeon.
             The game lasted 00:02:18 (659 turns).

cheesebisquit the Magician (DjFE)                    Turns: 659, Time: 00:02:18

Health: -10/25     AC:  2    Str: 13    XL:     3   Next: 10%
Gold:   77         EV: 12    Int: 18    God:
                   SH:  0    Dex: 13

rFire   + + .      SeeInvis .    e - +0 short sword
rCold   x . .      Faith    .    (no shield)
rNeg    . . .      Spirit   .    a - +0 robe
rPois   ∞          Reflect  .    (no helmet)
rElec   .          Rampage  .    (no cloak)
rCorr   .                        (no gloves)
Will    .....                    (boots unavailable)
Stlth   ++                       (no amulet)
HPRegen 0.24/turn                j - +6 ring of strength
MPRegen 0.00/turn                (no ring)

@: flying
A: sickness immunity, fire resistance 2, cold vulnerability 1, float, innate
caster, HP casting, extra vitality 1
a: no special abilities


You were on level 3 of the Dungeon.
You visited 1 branch of the dungeon, and saw 3 of its levels.

You collected 77 gold pieces.

Inventory:

Hand Weapons
 e - a +0 short sword (weapon)
Missiles
 f - 5 poisoned darts
Armour
 a - a +0 robe (worn)
Jewellery
 j - a +6 ring of strength (left hand)
Scrolls
 b - 5 scrolls of identify {unknown}
 g - a scroll of amnesia {unknown}
 h - a scroll of teleportation {unknown}
 i - a scroll of fear {unknown}
 k - a scroll of immolation {unknown}
Potions
 c - 2 potions of haste {unknown}
 d - 2 potions of attraction {unknown}


   Skills:
 - Level 2.1 Dodging
 - Level 1.5 Stealth
 + Level 3.2 Spellcasting


You knew the following spells:

 Your Spells              Type           Power      Damage    Failure   Level
a - Foxfire               Conj/Fire      56%        2x1d6     4%          1
b - Scorch                Fire           28%        2d6       6%          2
c - Volatile Blastmotes   Fire/Tloc      28%        2d12      13%         3
d - Inner Flame           Hex/Fire       14%        N/A       13%         3
e - Flame Wave            Conj/Fire      14%        2d6       38%         4
f - Summon Small Mammal   Summ           56%        N/A       4%          1
Your spell library was empty.

Dungeon Overview and Level Annotations

Branches:
Dungeon (2/15)

Altars:


Innate Abilities, Weirdness & Mutations

You are immune to sickness and miasma.
You are immune to poison.
Your flesh is very heat resistant. (rF++)
You are vulnerable to cold. (rC-)
You float through the air rather than walking.
You learn spells naturally, not from books.
Your magical power is your life essence.
You have superior vitality. (+4 MHP)


Message History

Your base attributes are Str 7, Int 16, Dex 13.
Increase (S)trength, (I)ntelligence, or (D)exterity?
You feel clever. x2
The power to cast Summon Small Mammal wells up from within.
Spell assigned to 'f'.
You conjure some foxfire!
The foxfire hits the orc but does no damage.
The foxfire hits the orc.
The orc is heavily wounded.
You conjure some foxfire!
An orc priest comes into view. It is wielding a +0 short sword.
Your magical contamination has completely faded away.
The foxfire hits the orc but does no damage.
The orc is heavily wounded.
The foxfire hits the orc.
The orc is almost dead.
An orc comes into view.
It is wielding a +1 short sword of speed.
You conjure some foxfire!
The orc misses you.
You hit the orc but do no damage.
The orc is almost dead.
The foxfire hits the orc.
You kill the orc!
The foxfire hits the orc priest but does no damage.
You conjure some foxfire!
The foxfire hits the orc priest.
The orc priest is moderately wounded.
The foxfire hits the orc priest but does no damage.
The orc priest is moderately wounded.
You conjure some foxfire!
The orc priest invokes the aid of Beogh against you.
Beogh smites you!
Ouch! That really hurt!
* * * LOW HITPOINT WARNING * * *
Your foxfire dissipates!
The foxfire hits the orc priest but does no damage.
The orc priest is moderately wounded.
The orc priest calls down the wrath of Beogh upon you.
Pain shoots through your body!
Ouch! That really hurt!
You die...

# ... ###
#..##### ...
#...@.###.####
#####.§o......
##.o..###
######.####
########......#
##
..........#####
#..#
######..#..#####
....
..............^.
#
.######..###.##


You could see an orc priest and an orc.

Vanquished Creatures
  An orc (D:3)
  3 giant cockroaches (D:1)
  4 goblins (D:1)
  A hobgoblin (D:3)
  2 jackals (D:2)
  A quokka (D:1)
  4 ball pythons (D:1)
  A bat (D:1)
  A frilled lizard (D:1)
  A kobold (D:1)
  2 rats (D:1)
21 creatures vanquished.

Vanquished Creatures (others)
  42 foxfires
42 creatures vanquished.

Grand Total: 63 creatures vanquished

Notes
Turn   | Place    | Note
-------+----------+-------------------------------------------
     0 | D:1      | cheesebisquit the Djinni Fire Elementalist began the quest
                  | for the Orb.
     0 | D:1      | cheesebisquit set off with the following spells memorised:
                  | Foxfire, Scorch, Volatile Blastmotes, Inner Flame, Flame
                  | Wave.
     0 | D:1      | Reached XP level 1. HP: 15/15 MP: 0/0
   106 | D:1      | Reached XP level 2. HP: 18/21 MP: 0/0
   338 | D:1      | Reached skill level 3 in Spellcasting
   583 | D:2      | You are sucked into a shaft and drop 1 floor!
   649 | D:3      | Reached XP level 3. HP: 19/25 MP: 0/0
   649 | D:3      | Learned a level 1 spell: Summon Small Mammal
   659 | D:3      | Killed from afar by an orc priest

Illustrated notes

Levels and vault maps discovered:
D:1:      lightli_arrival_chessboard, layout_basic, minmay_misc_feat_rugged,
          st_stairs_6
D:2:      layout_basic, serial_shops, shop_statue,
          nicolae_shop_pleasant_corner_grove, shop, dreamdust_princess_bridge
D:3:      layout_rooms, mainiacjoe_overflow_paths,
          chequers_serial_rivers_micro_d, minmay_hedge_maze,
          minmay_stone_trees_small, grunt_ministairs_4

Skill      XL: |  1  2 |
---------------+-------+-----
Spellcasting   | 3 |  3.2
Dodging        | |  2.1
Stealth        | |  1.5

Action                     || total
---------------------------++-------
  Melee: Short sword       ||     7
         Unarmed           ||     3
   Cast: Foxfire           ||    25
 Armour: Robe              ||     3
  Dodge: Dodged            ||     5

Table legend: (Time is in decaauts)
 A = Elapsed time spent in this place.
 B = Non-inter-level travel time spent in this place.
 C = Inter-level travel time spent in this place.
 D = Time resting spent in this place.
 E = Time spent auto-exploring this place.
 F = Levels seen in this place.
 G = Mean time per level.
                   A        B        C        D        E       F      G
               +--------+--------+--------+--------+--------+-----+--------+
         Total |    657 |    653 |      4 |      0 |    535 |   3 |  219.0 |
       Dungeon |    657 |    653 |      4 |      0 |    535 |   3 |  219.0 |
               +--------+--------+--------+--------+--------+-----+--------+

Top non-repeatable levels by time:
     D:1: 538 daAuts
     D:3: 75 daAuts
     D:2: 43 daAuts
